 Dungeon Crawl Stone Soup version 0.21-a0-163-g3aa3f5d (webtiles) character file.

13299 valhalheru the Severer (level 12, -5/110 HPs)
             Began as a Hill Orc Berserker on Aug 5, 2017.
             Was a High Priest of Trog.
             Slain by a troll (11 damage)
             ... on level 11 of the Dungeon on Aug 6, 2017.
             The game lasted 00:35:58 (15355 turns).

valhalheru the Severer (Hill Orc Berserker)        Turns: 15355, Time: 00:35:59

Health: -5/110     AC: 22    Str: 29    XL:     12   Next: 4%
Magic:  12/12      EV:  7    Int:  4    God:    Trog [*****.]
Gold:   600        SH: 16    Dex: 13    Spells: 11/11 levels left

rFire    . . .     SeeInvis .   b - +4 short sword of the Hand {flame, rC+ MR+ Str+3 Stlth+}
rCold    + . .     Gourm    .   S - +0 large shield
rNeg     . . .     Faith    .   I - +1 scale mail "Biqah" {rElec rCorr Int-3 Stlth+}
rPois    .         Spirit   .   (no helmet)
rElec    +         Reflect  .   E - +2 cloak
rCorr    +         Harm     .   G - +1 pair of gloves
MR       +....                  l - +1 pair of boots
Stlth    ++........             (no amulet)
HPRegen  0.28/turn              p - +4 ring of strength
MPRegen  0.13/turn              s - +4 ring of protection

@: berserk cooldown, slowed, very slow
A: no striking features
a: Berserk, Trog's Hand, Brothers in Arms, Burn Spellbooks, Renounce Religion


You were on level 11 of the Dungeon.
You worshipped Trog.
Trog was extremely pleased with you.
You were not hungry.

You visited 1 branch of the dungeon, and saw 11 of its levels.

You collected 600 gold pieces.

Inventory:

Hand Weapons
 a - the +3 war axe of the Eggplant {freeze, MR++}
   (You found it on level 6 of the Dungeon)

   It has been specially enchanted to freeze those struck by it, causing extra
   injury to most foes and up to half again as much damage against particularly
   susceptible opponents.
   It can also slow down cold-blooded creatures.
   It affects your resistance to hostile enchantments.
 b - the +4 short sword of the Hand (weapon) {flame, rC+ MR+ Str+3 Stlth+}
   (You took it off an orc on level 10 of the Dungeon)

   It has been specially enchanted to burn those struck by it, causing extra
   injury to most foes and up to half again as much damage against particularly
   susceptible opponents.
   It affects your strength (+3).
   It protects you from cold.
   It affects your resistance to hostile enchantments.
   It makes you more stealthy.
 D - a +3 hand axe
 J - a +4 antimagic battleaxe
 N - a +1 short sword of speed
Missiles
 d - 388 stones
 o - 6 curare-tipped needles
 v - 53 poisoned needles
 w - 8 tomahawks (quivered)
Armour
 l - a +1 pair of boots (worn)
 E - a +2 cloak (worn)
 G - a +1 pair of gloves (worn)
 I - the +1 scale mail "Biqah" (worn) {rElec rCorr Int-3 Stlth+}
   (You found it on level 7 of the Dungeon)

   It affects your intelligence (-3).
   It insulates you from electricity.
   It protects you from acid and corrosion.
   It makes you more stealthy.
 S - a +0 large shield (worn)
 T - a +3 chain mail
Magical Staves
 V - an uncursed staff of earth {unknown}
Jewellery
 p - a +4 ring of strength (left hand)
 q - an uncursed ring of resist corrosion
 s - a +4 ring of protection (right hand)
 x - an uncursed ring of positive energy
Wands
 t - a wand of acid (12/15)
 C - a wand of iceblast (6/15)
 F - a wand of iceblast (4/15)
 U - a wand of flame (27/48)
Scrolls
 c - 4 scrolls of remove curse
 e - a scroll of magic mapping
 f - a scroll of enchant weapon
 n - 3 scrolls of identify
 y - 3 scrolls of teleportation
 B - 2 scrolls of blinking
 Q - a scroll of enchant armour
Potions
 g - 7 potions of curing
 i - 2 potions of flight
 j - a potion of brilliance
 m - 2 potions of berserk rage
 r - 2 potions of might
 u - a potion of resistance {unknown}
 z - 3 potions of mutation
 A - a potion of heal wounds {unknown}
 H - a potion of degeneration {unknown}
 K - 2 potions of cancellation
 O - a potion of haste {unknown}
 P - 2 potions of agility
Comestibles
 h - 6 bread rations
 k - 13 meat rations
 L - 5 chunks of flesh
 M - 10 fruits


   Skills:
 + Level 11.3 Fighting
   Level 3.0 Long Blades
 * Level 16.1 Axes
 + Level 10.5 Armour
 - Level 1.5 Dodging
 + Level 4.3 Shields


You had 11 spell levels left.
You didn't know any spells.

Dungeon Overview and Level Annotations

Branches:
Dungeon (11/15)            Temple (0/1) D:7            Lair (0/6) D:11
    Orc: D:9-12

Altars:
Makhleb
Okawaru
Qazlal
Ru
Vehumet
Xom
Zin


Message History

You feel agile.
You start resting.
An iguana and a troll come into view.
The troll shouts!
You puncture the iguana! You burn the iguana.
The iguana is severely wounded.
You block the iguana's attack.
You puncture the iguana! You burn the iguana.
You kill the iguana!
Trog accepts your kill.
You feel a strong urge to attack something.
You feel your anger subside.
You are no longer berserk.
You are exhausted.
You feel yourself slow down.
You puncture the troll! You burn the troll!
The troll is heavily wounded.
You block the troll's attack. The troll claws you but does no damage.
The troll claws you!
You die...

#....#..#.........##.#
##...#..#.........##.#
##.....#.........##.############
#..#..#.........##............#
.##..#..................##.####.#
.....#...##)###.#.##.##.##.####.#
#.......)).....................
#..#....#)##...)##รท)#.##.####.#
##..#...)#'##.#@....).....####.#
#........[....T.#########.......
#..#.##.....((.#.#########.####.#
. ... #...(....#.##.....##......#
#..# #...#..#.#.##.....##.######
##....#..........##......'..<....
###...#.#.#..#.#.##..^..##......#
.#.#..........#.##.....#########
.#.....#.#....#.########


You could see a troll.

Vanquished Creatures
  2 hydras
  3 two-headed ogres
  2 unseen horrors
  4 trolls
  Prince Ribbit (D:7)
  A hippogriff (D:8)
  2 dream sheep (D:8)
  Sigmund (D:5)
  6 yaks
  A wyvern (D:10)
  A vampire (D:10)
  A wraith (D:10)
  2 hungry ghosts
  Menkaure (D:7)
  2 water moccasins
  Duvessa (D:4)
  4 ice beasts
  2 orc warriors (D:11)
  5 sky beasts
  2 hornet zombies (D:9)
  2 black bears
  A phantom (D:8)
  5 ogres
  2 wolves (D:8)
  2 centaurs
  6 big kobolds
  9 bullfrogs
  Dowan (D:4)
  3 scorpions
  5 howler monkeys
  3 jellies
  5 crimson imps
  A centaur zombie (D:6)
  A bullfrog zombie (D:10)
  A bullfrog skeleton (D:8)
  10 orc priests
  8 hounds
  Crazy Yiuf (D:2)
  5 orc wizards
  4 iguanas
  7 worker ants
  A howler monkey zombie (D:6)
  A howler monkey skeleton (D:7)
  16 adders
  2 white imps (D:8)
  4 adder skeletons
  4 worms
  An adder simulacrum (D:8)
  A dart slug (D:3)
  8 leopard geckos
  39 orcs
  4 ball pythons
  2 giant cockroaches
  10 goblins
  6 hobgoblins
  2 jackals (D:3)
  23 kobolds
  7 quokkas
  8 bats
  10 frilled lizards
  2 leopard gecko skeletons
  11 rats
288 creatures vanquished.

Notes
Turn   | Place    | Note
-------+----------+-------------------------------------------
     0 | D:1      | valhalheru the Hill Orc Berserker began the quest for the Orb.
     0 | D:1      | Reached XP level 1. HP: 19/19 MP: 1/1
   117 | D:1      | Reached XP level 2. HP: 6/27 MP: 2/2
   737 | D:1      | You fall through a shaft!
  1008 | D:1      | Reached XP level 3. HP: 33/33 MP: 3/3
  1483 | D:2      | Reached skill level 5 in Axes
  1818 | D:2      | Reached XP level 4. HP: 40/40 MP: 4/4
  1962 | D:2      | Reached ** piety under Trog
  2091 | D:2      | Found a runed door.
  2095 | D:2      | Noticed Crazy Yiuf
  2102 | D:2      | Killed Crazy Yiuf
  2728 | D:2      | Reached skill level 6 in Axes
  2900 | D:2      | Reached XP level 5. HP: 47/47 MP: 5/5
  3416 | D:3      | Found an iron altar of Okawaru.
  3451 | D:3      | Found a burning altar of Makhleb.
  3994 | D:4      | Reached *** piety under Trog
  4000 | D:4      | Reached XP level 6. HP: 46/55 MP: 6/6
  4087 | D:4      | Reached skill level 7 in Axes
  4218 | D:4      | Reached skill level 5 in Fighting
  4470 | D:4      | Reached XP level 7. HP: 49/61 MP: 7/7
  4775 | D:4      | Noticed Dowan
  4777 | D:4      | Noticed Duvessa
  4786 | D:4      | Killed Duvessa
  4786 | D:4      | Reached skill level 8 in Axes
  4791 | D:4      | Killed Dowan
  5202 | D:5      | Entered Level 5 of the Dungeon
  5360 | D:5      | Noticed Sigmund
  5378 | D:5      | Killed Sigmund
  5378 | D:5      | Reached skill level 9 in Axes
  5378 | D:5      | Reached skill level 5 in Armour
  5378 | D:5      | Reached XP level 8. HP: 59/70 MP: 8/8
  5827 | D:5      | Found a shimmering altar of Xom.
  6016 | D:5      | Reached skill level 10 in Axes
  6606 | D:6      | Reached **** piety under Trog
  6847 | D:6      | Reached skill level 11 in Axes
  6847 | D:6      | Reached XP level 9. HP: 74/79 MP: 9/9
  7072 | D:6      | Found a large runed door.
  7072 | D:6      | Found a large runed door.
  7091 | D:6      | Found a large runed door.
  7091 | D:6      | Found a large runed door.
  7272 | D:6      | Got a smoking war axe
  7519 | D:6      | Found a radiant altar of Vehumet.
  7569 | D:6      | Found a sacrificial altar of Ru.
  7645 | D:6      | Identified the +3 war axe of the Eggplant {freeze, MR++} (You found it on level 6 of the Dungeon)
  7688 | D:7      | Found a staircase to the Ecumenical Temple.
  7689 | D:7      | Noticed Menkaure
  7712 | D:7      | Killed Menkaure
  8158 | D:7      | Noticed Prince Ribbit
  8166 | D:7      | Reached skill level 12 in Axes
  8476 | D:7      | Got a warped scale mail
  8487 | D:7      | Identified the +1 scale mail "Biqah" {rElec rCorr Int-3 Stlth+} (You found it on level 7 of the Dungeon)
  9218 | D:7      | Killed Prince Ribbit
  9218 | D:7      | Reached XP level 10. HP: 69/91 MP: 10/10
  9474 | D:7      | Reached skill level 13 in Axes
  9893 | D:8      | Found a glowing silver altar of Zin.
 10265 | D:8      | Noticed a two-headed hydra
 10270 | D:8      | Killed a one-headed hydra
 10270 | D:8      | Reached skill level 14 in Axes
 10463 | D:8      | Found a stormy altar of Qazlal.
 10859 | D:8      | Reached skill level 1 in Long Blades
 11034 | D:9      | Reached skill level 10 in Fighting
 11400 | D:9      | Reached ***** piety under Trog
 11534 | D:9      | Reached XP level 11. HP: 100/100 MP: 11/11
 11736 | D:10     | Entered Level 10 of the Dungeon
 12337 | D:10     | Got a bloodstained short sword {flame}
 12338 | D:10     | Identified the +4 short sword of the Hand {flame, rC+ MR+ Str+3 Stlth+} (You took it off an orc on level 10 of the Dungeon)
 12432 | D:10     | Killed an unseen horror
 12432 | D:10     | Reached skill level 15 in Axes
 13235 | D:10     | Reached skill level 1 in Shields
 13464 | D:10     | Noticed a two-headed ogre
 13474 | D:10     | Killed a two-headed ogre
 14056 | D:11     | Found a staircase to the Lair.
 14212 | D:11     | Reached skill level 10 in Armour
 14408 | D:11     | Received a gift from Trog
 14621 | D:11     | Noticed a two-headed ogre
 14631 | D:11     | Killed a two-headed ogre
 14758 | D:11     | Noticed a two-headed ogre
 14767 | D:11     | Killed a two-headed ogre
 15003 | D:11     | Killed an unseen horror
 15003 | D:11     | Reached skill level 16 in Axes
 15331 | D:11     | Noticed an eight-headed hydra
 15344 | D:11     | HP: 5/153 [eight-headed hydra (5)]
 15345 | D:11     | Killed an eight-headed hydra
 15345 | D:11     | Reached XP level 12. HP: 5/110 MP: 12/12
 15355 | D:11     | Slain by a troll

Vault maps used:
D:1:      lightli_molten_gateway, hex_tiny
D:2:      first_bread, uniq_crazy_yiuf_cottage
D:3:      lemuel_round_altar, okawaru_ov_weapons_minmay
D:4:      uniq_duvessa
D:5:      basic_altar, uniq_sigmund
D:6:      minitemple, minmay_hollow_rounded_squares
D:7:      minmay_temple_entry_statues_pillars, uniq_menkaure,
          uniq_prince_ribbit1
D:8:      nicolae_qazlal_eye_of_the_storm, nicolae_overflow_crystal_walls,
          serial_ice, serial_ice_g, serial_ice_c, serial_ice_n, serial_ice_k,
          serial_ice_e, serial_ice_m, hangedman_ranch, st_stairs_1
D:11:     minmay_the_grid_octo_2x2, lair_entry_dummy, evilmike_butchery

Skill      XL: |  1  2  3  4  5  6  7  8  9 10 11 |
---------------+----------------------------------+-----
Axes           | 5 6 7 9 11 12 14 16 | 16.1
Fighting       | 4 5 6 7 9 10 11 | 11.3
Armour         | 3 4 5 6 8 9 10 | 10.5
Long Blades    | 2 3 |  3.0
Shields        | 4 |  4.3
Dodging        | |  1.5

Action                   |  1- 3 |  4- 6 |  7- 9 | 10-12 || total
-------------------------+-------+-------+-------+-------++-------
Melee: Hand axe          |   101 |    99 |   212 |       ||   412
       War axe           |       |       |    88 |   322 ||   410
       Falchion          |       |       |       |    13 ||    13
       Short sword       |       |       |       |    13 ||    13
Throw: Stone             |    46 |       |    17 |    40 ||   103
       Javelin           |     9 |    99 |   100 |    35 ||   243
       Tomahawk          |       |       |       |    15 ||    15
Invok: Berserk           |     1 |     1 |     3 |     3 ||     8
       Trog's Hand       |       |       |     2 |       ||     2
       Burn Spellbooks   |       |       |     1 |     1 ||     2
  Use: Scroll            |     4 |     6 |     4 |     5 ||    19
  Eat: Fruit             |     2 |       |     2 |     8 ||    12
       Chunk             |     1 |     4 |    13 |     8 ||    26
       Bread ration      |       |     1 |       |       ||     1
       Meat ration       |       |     1 |     1 |       ||     2
       Royal jelly       |       |       |       |     5 ||     5
Armor: Leather armour    |    22 |    27 |       |       ||    49
       Chain mail        |       |    10 |   124 |     2 ||   136
       Scale mail        |       |       |    24 |   248 ||   272
Dodge: Dodged            |    76 |    45 |   104 |   115 ||   340
Block: Large shield      |       |       |       |   145 ||   145
       Rpst.: Falchion   |       |       |       |     1 ||     1
